[ AOE2 MATCH · #495311933 ]
UnrankedLithuanians vs Cumans
Player's team · LOSS
Rival team · WIN
[ REPLAY ANALYSIS · EXTRACTED FROM THE RECORDED GAME ]
Feudal
8:50
Castle
—
Imperial
—
| APM avg | 78.2 |
| APM peak | 112 |
| eAPM avg | 32.1 |
| Villagers / military | 21 / 3 |
Focus
⚔️ 48.1% · 🌾 51.9%
Scout Cavalry ×2 · Spearman ×1
Feudal
8:05
Castle
—
Imperial
—
| APM avg | 69.3 |
| APM peak | 95 |
| eAPM avg | 29.0 |
| Villagers / military | 18 / 6 |
Focus
⚔️ 43.9% · 🌾 56.1%
Scout Cavalry ×4 · Spearman ×2
Match map
Initial resources + every placement click. Lines = walls · curves = elevation contours. ◆ gold · ⬟ stone · ● berries · ✦ relic · ◌ wall gap
Your base
wR.Sebastian's base
Smoothed initial terrain · ◌ = detected wall gap · hover for details
Inputs per minute
— LE | Dimo - - wR.Sebastian
Build order — LE | Dimo
50 actions detected in the replay
| 0:00 | Create | Villager (Male) |
| 0:01 | Build | House |
| 0:02 | Build | House |
| 0:05 | Create | Villager (Male) |
| 0:05 | Create | Villager (Male) |
| 0:06 | Create | Villager (Male) |
| 0:08 | Create | Villager (Male) |
| 0:12 | Create | Villager (Male) |
| 1:27 | Create | Villager (Male) |
| 1:57 | Create | Villager (Male) |
| 2:10 | Build | Lumber Camp |
| 2:14 | Create | Villager (Male) |
| 2:44 | Create | Villager (Male) |
| 2:44 | Create | Villager (Male) |
| 3:11 | Create | Villager (Male) |
| 3:52 | Build | House |
| 3:54 | Create | Villager (Male) |
| 4:14 | Create | Villager (Male) |
| 4:18 | Create | Villager (Male) |
| 4:18 | Create | Villager (Male) |
| 4:18 | Create | Villager (Male) |
| 5:01 | Create | Villager (Male) |
| 5:29 | Build | Mill |
| 6:38 | Research | Feudal Age |
| 7:24 | Build | House |
| 7:30 | Build | Barracks |
| 8:07 | Research | Loom |
| 8:50 | Age | Feudal Age |
| 8:51 | Build | Stable |
| 9:01 | Create | Villager (Male) |
| 9:06 | Build | Palisade Wall |
| 9:06 | Build | Palisade Wall |
| 9:08 | Build | Palisade Wall |
| 9:15 | Build | Palisade Wall |
| 9:23 | Build | Palisade Wall |
| 9:23 | Build | Palisade Wall |
| 9:25 | Build | Palisade Wall |
| 9:26 | Build | House |
| 9:28 | Create | Villager (Male) |
| 9:29 | Research | Horse Collar |
| 9:32 | Create | Scout Cavalry |
| 9:40 | Build | Farm |
| 9:41 | Build | Farm |
| 9:51 | Create | Scout Cavalry |
| 9:53 | Create | Spearman |
| 9:55 | Build | House |
| 9:56 | Build | Palisade Wall |
| 10:02 | Create | Villager (Male) |
| 10:05 | Build | Palisade Wall |
| 10:06 | Build | Palisade Wall |
Build order — wR.Sebastian
41 actions detected in the replay
| 0:00 | Create | Villager (Male) |
| 0:01 | Build | House |
| 0:02 | Build | House |
| 0:18 | Create | Villager (Male) |
| 0:34 | Create | Villager (Male) |
| 0:52 | Create | Villager (Male) |
| 1:36 | Create | Villager (Male) |
| 1:54 | Create | Villager (Male) |
| 2:16 | Create | Villager (Male) |
| 2:17 | Build | Lumber Camp |
| 2:45 | Create | Villager (Male) |
| 3:17 | Create | Villager (Male) |
| 3:25 | Build | House |
| 3:43 | Create | Villager (Male) |
| 3:47 | Create | Villager (Male) |
| 4:29 | Create | Villager (Male) |
| 4:33 | Build | Mill |
| 4:53 | Create | Villager (Male) |
| 5:09 | Create | Villager (Male) |
| 5:55 | Research | Feudal Age |
| 5:55 | Research | Feudal Age |
| 6:24 | Research | Loom |
| 7:11 | Build | House |
| 7:19 | Build | Barracks |
| 7:34 | Build | House |
| 8:05 | Age | Feudal Age |
| 8:16 | Build | Stable |
| 8:18 | Create | Spearman |
| 8:23 | Create | Villager (Male) |
| 8:28 | Research | Double-Bit Axe |
| 8:47 | Create | Spearman |
| 8:58 | Create | Scout Cavalry |
| 9:00 | Create | Scout Cavalry |
| 9:11 | Create | Scout Cavalry |
| 9:16 | Build | Farm |
| 9:17 | Build | Farm |
| 9:19 | Create | Villager (Male) |
| 9:21 | Create | Villager (Male) |
| 9:40 | Create | Scout Cavalry |
| 9:53 | Build | Archery Range |
| 10:13 | Create | Villager (Male) |
Match timeline
| 7:19 | wR.Sebastian · first_building Barracks |
| 7:30 | LE | Dimo · first_building Barracks |
| 8:05 | wR.Sebastian · age_up feudal |
| 8:16 | wR.Sebastian · first_building Stable |
| 8:50 | LE | Dimo · age_up feudal |
| 8:51 | LE | Dimo · first_building Stable |
| 9:06 | LE | Dimo · wall_segment Palisade Wall x1 |
| 9:06 | LE | Dimo · wall_segment Palisade Wall x1 |
| 9:08 | LE | Dimo · wall_segment Palisade Wall x1 |
| 9:15 | LE | Dimo · wall_segment Palisade Wall x1 |
| 9:23 | LE | Dimo · wall_segment Palisade Wall x1 |
| 9:23 | LE | Dimo · wall_segment Palisade Wall x1 |
| 9:25 | LE | Dimo · wall_segment Palisade Wall x1 |
| 9:53 | wR.Sebastian · first_building Archery Range |
| 9:56 | LE | Dimo · wall_segment Palisade Wall x5 |
| 10:05 | LE | Dimo · wall_segment Palisade Wall x1 |
| 10:06 | LE | Dimo · wall_segment Palisade Wall x1 |
| 10:15 | LE | Dimo · resign |
[ AI ANALYSIS · 1 CREDIT ]
What really happened in this match?
Wolo.gg analyzes every decision: build order, eco, micro, common mistakes by bracket. Personalized analysis on WhatsApp or Discord in 30 seconds.
Civ guide
Lithuanians
Perfil
Dimo